 Dungeon Crawl Stone Soup version 0.28.0-53-g5a82cb258f (webtiles) character file.

Game seed: 2857103163351075215

147 GigaChad the Slasher (level 5, -1/39 HPs)
             Began as a Human Gladiator on Aug 20, 2022.
             Was a Believer of Dithmenos.
             Slain by Grinder (2 damage)
             ... while paralysed by Grinder
             ... on level 4 of the Dungeon.
             The game lasted 00:09:13 (3307 turns).

GigaChad the Slasher (Human Gladiator)              Turns: 3307, Time: 00:09:13

Health: -1/39      AC:  8    Str: 17    XL:     5   Next: 55%
Magic:  5/5        EV:  2    Int:  8    God:    Dithmenos [**....]
Gold:   114        SH:  0    Dex: 14    Spells: 4/4 levels left

rFire   + . .      SeeInvis .   a - +0 long sword
rCold   + . .      Faith    .   (no shield)
rNeg    . . .      Spirit   .   b - +0 leather armour
rPois   .          Reflect  .   c - +0 helmet
rElec   .          Harm     .   j - scarf {rC+ rF+}
rCorr   .          Rampage  .   (no gloves)
Will    .....                   (no boots)
Stlth   ++........              (no amulet)
HPRegen 0.13/turn               e - +4 ring of protection
MPRegen 0.09/turn               (no ring)

@: paralysed, wreathed by umbra
A: no striking features
a: Renounce Religion, Shadow Step


You were on level 4 of the Dungeon.
You worshipped Dithmenos.
Dithmenos was pleased with you.
You visited 1 branch of the dungeon, and saw 4 of its levels.

You collected 114 gold pieces.

Inventory:

Hand Weapons
 a - a +0 long sword (weapon)
Missiles
 d - 5 throwing nets (quivered)
Armour
 b - a +0 leather armour (worn)
 c - a +0 helmet (worn)
 j - a scarf of resistance (worn)
Jewellery
 e - a +4 ring of protection (left hand)
Wands
 i - a wand of paralysis (10)
Scrolls
 f - a scroll of holy word {unknown}
 h - 4 scrolls of identify
 l - a scroll of teleportation
Potions
 g - a potion of curing {unknown}
 k - a potion of mutation {unknown}
 m - a potion of brilliance {unknown}


   Skills:
 + Level 2.6 Fighting
 + Level 4.5 Long Blades
 + Level 2.1 Throwing
 + Level 1.4 Armour
 + Level 3.6 Dodging
 + Level 0.6 Stealth


You had 4 spell levels left.
You didn't know any spells.
Your spell library was empty.

Dungeon Overview and Level Annotations

Branches:
Dungeon (4/15)
 Temple: D:4-7

Altars:
Cheibriados
Dithmenos
Xom

Shops:
D:3 !

Annotations:
D:4 Grinder


Message History

Grinder is lightly wounded.
Grinder hits you but does no damage.
You hit Grinder but do no damage.
Grinder is lightly wounded.
Grinder hits you. Grinder hits you but does no damage.
You hit Grinder but do no damage.
Grinder is lightly wounded.
Grinder hits you but does no damage.
You hit Grinder but do no damage.
Grinder is lightly wounded.
Grinder gestures at you. Pain shoots through your body!
You hit Grinder.
Grinder is moderately wounded.
Grinder says, "You look like you could use a good racking."
Grinder barely misses you.
You barely miss Grinder.
Grinder is moderately wounded.
Grinder blinks!
Grinder hits you.
* * * LOW HITPOINT WARNING * * *
You slash Grinder!
Grinder is heavily wounded.
Grinder misses you. Grinder gestures at you.
You suddenly lose the ability to move!
Grinder hits you but does no damage. Grinder hits you.
* * * LOW HITPOINT WARNING * * *
You writhe in agony.
* * * LOW HITPOINT WARNING * * *
Grinder hits you.
* * * LOW HITPOINT WARNING * * *
You writhe in agony.
* * * LOW HITPOINT WARNING * * *
Grinder hits you but does no damage. Grinder hits you.
* * * LOW HITPOINT WARNING * * *
You writhe in agony.
You die...

#............
#...........
#..........#
#..........###+###
#######................
##....##....##..........
#.....##.)..##..........
#.............@5........
#................##...
#................#
#<...............#
#................#
#................#
##...###'#####...#
##...###....##...#
#....#....<..#...#


You could see Grinder.

Vanquished Creatures
  2 orc wizards (D:3)
  2 adders
  2 dart slugs (D:3)
  11 orcs (D:3)
  9 endoplasms
  3 giant cockroaches
  8 hobgoblins
  5 quokkas
  6 ball pythons
  4 bats
  2 frilled lizards
  5 goblins
  7 kobolds
  4 rats
70 creatures vanquished.

Notes
Turn   | Place    | Note
-------+----------+-------------------------------------------
     0 | D:1      | GigaChad the Human Gladiator began the quest for the Orb.
     0 | D:1      | Reached XP level 1. HP: 16/16 MP: 1/1
     5 | D:1      | Noticed an anaconda
    16 | D:1      | Noticed an anaconda
   390 | D:1      | Reached XP level 2. HP: 16/22 MP: 2/2
   502 | D:1      | Found a faded altar of an unknown god.
   545 | D:1      | Prayed at the altar of an unknown god.
   545 | D:1      | Became a worshipper of Dithmenos the Shadowed
   545 | D:1      | Reached * piety under Dithmenos
   962 | D:2      | Reached XP level 3. HP: 27/27 MP: 3/3
  1356 | D:2      | Found a shimmering altar of Xom.
  1585 | D:2      | Reached XP level 4. HP: 34/34 MP: 4/4
  1586 | D:2      | Reached ** piety under Dithmenos
  1778 | D:3      | Reached skill level 4 in Long Blades
  1875 | D:3      | Reached skill level 1 in Armour
  1893 | D:3      | Reached XP level 5. HP: 25/39 MP: 5/5
  2176 | D:3      | Found a snail-covered altar of Cheibriados.
  2549 | D:3      | Found Intant's Distillery.
  3284 | D:4      | Noticed Grinder
  3284 | D:4      | Paralysed by Grinder for 3 turns
  3290 | D:4      | Paralysed by Grinder for 2 turns
  3302 | D:4      | Paralysed by Grinder for 7 turns
  3307 | D:4      | HP: 1/39 [Grinder (5)]
  3307 | D:4      | Slain by Grinder

Illustrated notes

Levels and vault maps discovered:
D:1:      sevenhm_arrival_forest_fort_small_2, layout_basic,
          hellmonk_ecumenical_altar_arch_garden
D:2:      layout_rooms, basic_altar
D:3:      layout_loops_ring, kennysheep_slug_shrine, serial_shops, shop,
          st_stairs_7
D:4:      layout_gridville, kennysheep_mini_moat, uniq_grinder, uniq_natasha,
          uniq_duvessa

Skill      XL: |  1  2  3  4 |
---------------+-------------+-----
Long Blades    | 4 |  4.5
Armour         | 1 |  1.4
Fighting       | |  2.6
Throwing       | |  2.1
Dodging        | |  3.6
Stealth        | |  0.6

Action                   |  1- 3 |  4- 6 || total
-------------------------+-------+-------++-------
Melee: Long sword        |   115 |   123 ||   238
       Punch             |       |     2 ||     2
  Use: Scroll            |     1 |     1 ||     2
 Stab: Sleeping          |       |     3 ||     3
Armor: Leather armour    |    57 |    53 ||   110
Dodge: Dodged            |   111 |    90 ||   201
